 Dungeon Crawl Stone Soup version 0.28-a0-1613-gdaab1c2f9b (webtiles) character file.

Game seed: 4351186056390516002

3 YayAnonymity the Ducker (level 1, 0/16 HPs)
             Began as a Demonspawn Gladiator on Jan 22, 2022.
             Constricted to death by a ball python (1 damage)
             ... on level 1 of the Dungeon.
             The game lasted 00:01:23 (303 turns).

YayAnonymity the Ducker (Demonspawn Gladiator)       Turns: 303, Time: 00:01:24

Health: 0/16       AC:  4    Str: 14    XL:     1   Next: 41%
Magic:  1/1        EV:  5    Int:  9    God:
Gold:   0          SH: 10    Dex: 14    Spells: 0/0 levels left

rFire   . . .      SeeInvis .   a - +0 trident
rCold   . . .      Faith    .   s - +0 tower shield
rNeg    . . .      Spirit   .   b - +0 leather armour
rPois   .          Reflect  .   c - +0 helmet
rElec   .          Harm     .   (no cloak)
rCorr   .          Rampage  .   (no gloves)
Will    .....                   (no boots)
Stlth   +.........              (no amulet)
HPRegen 0.05/turn               (no ring)
MPRegen 0.07/turn               (no ring)

@: constricted
A: no striking features
a: no special abilities


You were on level 1 of the Dungeon.
You visited 1 branch of the dungeon, and saw 1 of its levels.

Inventory:

Hand Weapons
 a - a +0 trident (weapon)
Missiles
 d - 3 throwing nets (quivered)
 g - 3 poisoned darts
Armour
 b - a +0 leather armour (worn)
 c - a +0 helmet (worn)
 s - a +0 tower shield (worn)
Scrolls
 e - a scroll of torment {unknown}
 h - a scroll of brand weapon {unknown}
Potions
 f - 2 potions of haste {unknown}


   Skills:
 - Level 2.0 Fighting
 + Level 2.7 Polearms
 - Level 1.7 Throwing
 * Level 2.8 Dodging
 + Level 0.0 Shields


You couldn't memorise any spells.
You didn't know any spells.
Your spell library contained the following spells:

 Spells                   Type           Power      Damage    Failure   Level
 Foxfire                  Conj/Fire      0%         2x1d4     100%        1
 Conjure Flame            Conj/Fire      0%         6-21      100%        3
 Inner Flame              Hex/Fire       0%         N/A       100%        3
 Flame Wave               Conj/Fire      0%         2d4       100%        4


Dungeon Overview and Level Annotations

Branches:
Dungeon (1/15)

Altars:


Message History

The ball python bites you but does no damage.
The ball python grabs you. The ball python constricts you.
The ball python bites you but does no damage.
The ball python constricts you. You block the rat's attack.
You completely miss the ball python. You block the ball python's attack.
The ball python constricts you. The rat barely misses you.
The ball python bites you but does no damage.
The ball python constricts you.
You barely miss the ball python.
The ball python bites you but does no damage.
The ball python constricts you. The rat bites you but does no damage.
The ball python bites you. The ball python constricts you. The rat bites you.
You closely miss the ball python. You block the quokka's attack.
You block the ball python's attack. The ball python constricts you.
The rat bites you but does no damage. You block the quokka's attack.
The ball python barely misses you. The ball python constricts you.
The rat barely misses you.
You completely miss the ball python. You block the ball python's attack.
The ball python constricts you. The quokka bites you.
You block the rat's attack. The quokka barely misses you.
The ball python bites you but does no damage.
The ball python constricts you.
You escape the ball python's grasp.
The quokka closely misses you. The quokka bites you.
* * * LOW HITPOINT WARNING * * *
The quokka barely misses you.
You hit the rat.
You kill the rat!
The ball python bites you.
* * * LOW HITPOINT WARNING * * *
The ball python grabs you. The ball python constricts you.
* * * LOW HITPOINT WARNING * * *
You closely miss the ball python. You block the ball python's attack.
The ball python constricts you. The ball python barely misses you.
The ball python constricts you.
You barely miss the ball python. The ball python barely misses you.
The ball python constricts you.
* * * LOW HITPOINT WARNING * * *
The ball python closely misses you. The ball python constricts you.
You die...

..#
....###.###
..
##....>....
..
#..........
.#
##r#####.###
.#
####...####.
.##
#...........#
#.##
#r##...######
##.#####
#S###.##
##....#
#@###.#
##.###.#
#...#.# #.##
#.# ###.#.#
.## #.# #.#..
######.#
#.###
†......# #.#
.####### #.#
.#### #.#
....# #.###


You could see a quokka and a ball python.

Vanquished Creatures
  A bat (D:1)
  A hobgoblin (D:1)
  A rat (D:1)
3 creatures vanquished.

Notes
Turn   | Place    | Note
-------+----------+-------------------------------------------
     0 | D:1      | YayAnonymity the Demonspawn Gladiator began the quest for
                  | the Orb.
     0 | D:1      | Reached XP level 1. HP: 16/16 MP: 1/1
   303 | D:1      | Constricted to death by a ball python

Illustrated notes

Levels and vault maps discovered:
D:1:      ncdulo_lavacross, layout_loops_ring, minmay_tromino_v2

Action                   || total
-------------------------++-------
Melee: Trident           ||    17
Armor: Leather armour    ||    12
Dodge: Dodged            ||    13
Block: Tower shield      ||     8

Table legend: (Time is in decaauts)
 A = Elapsed time spent in this place.
 B = Non-inter-level travel time spent in this place.
 C = Inter-level travel time spent in this place.
 D = Time resting spent in this place.
 E = Time spent auto-exploring this place.
 F = Levels seen in this place.
 G = Mean time per level.
                   A        B        C        D        E       F      G
               +--------+--------+--------+--------+--------+-----+--------+
         Total |    308 |    308 |      0 |      0 |    252 |   1 |  308.0 |
       Dungeon |    308 |    308 |      0 |      0 |    252 |   1 |  308.0 |
               +--------+--------+--------+--------+--------+-----+--------+

Top non-repeatable levels by time:
     D:1: 308 daAuts
